 Dungeon Crawl Stone Soup version 0.17-a0-1939-ga475588 (webtiles) character file.

426268 orkawaru the Severer (level 24, -3/198 HPs)
             Began as a Hill Orc Fighter on Sept 28, 2015.
             Was a High Priest of Okawaru.
             Killed from afar by a starcursed mass (6 damage)
             ... with an accursed screaming
             ... on level 5 of the Abyss on Sept 29, 2015.
             The game lasted 06:03:29 (62839 turns).

orkawaru the Severer (Hill Orc Fighter)            Turns: 62839, Time: 06:03:29

Health: -3/198     AC: 45    Str: 25    XL:     24   Next: 11%
Magic:  9/35       EV: 23    Int: 15    God:    Okawaru [*****.]
Gold:   3287       SH: 21    Dex: 21    Spells: 0 memorised, 23 levels left

rFire  + . .     SeeInvis .     u - +9 hand axe of Undoing {vamp, rPois}
rCold  . . .     Clarity  .     i - +3 crystal plate armour "Meomew" {+Blink Int+4}
rNeg   + . .     SustAt   .     y - +2 shield {reflect}
rPois  +         Gourm    .     b - +1 helmet
rElec  .         Spirit   .     Y - +0 cloak {rPois}
rCorr  .         Warding  .     m - +2 pair of gloves {Str+3}
rMut   .         Stasis   .     Q - +2 pair of boots
MR     ++++.                    w - amulet of regeneration
Stlth  ..........               X - ring "Fodgh" {+Blink rF+ MR+ Dex+3}
                                p - ring "Wathyuz" {rPois rN+ MR++ MP+9 Int+3}

@: about to teleport, heroism, incredibly resistant to hostile enchantments,
extremely unstealthy
A: frail 1
a: Heroism, Finesse, Renounce Religion, Evoke Blink
}: 1/15 runes: barnacled


You were on level 5 of the Abyss.
You worshipped Okawaru.
Okawaru was extremely pleased with you.
You were not hungry.

You visited 7 branches of the dungeon, and saw 43 of its levels.
You visited the Abyss 1 time.
You visited 1 bazaar.
You also visited: Ice Cave.

You collected 4793 gold pieces.
You spent 1506 gold pieces at shops.

Inventory:

Hand weapons
 a - a +0 broad axe of flaming
 l - a +4 antimagic demon trident
 u - the +9 hand axe of Undoing (weapon) {vamp, rPois}
   (Okawaru gifted it to you on level 7 of the Lair of Beasts)

   It inflicts no extra harm, but heals its wielder somewhat when it strikes a
   living foe.
   It protects you from poison.
 P - a +0 broad axe of freezing
Missiles
 s - 6 throwing nets (quivered)
 Z - 945 bolts
Armour
 b - a +1 helmet (worn)
 i - the +3 crystal plate armour "Meomew" (worn) {+Blink Int+4}
   (You found it on level 3 of the Elven Halls)

   It affects your intelligence (+4).
   It lets you blink.
 m - a +2 pair of gloves of strength (worn)
 x - a +0 large shield
 y - a +2 shield of reflection (worn)
 Q - a +2 pair of boots (worn)
 Y - a +0 cloak of poison resistance (worn)
Jewellery
 c - an uncursed ring of positive energy {unknown}
 p - the ring "Wathyuz" (left hand) {rPois rN+ MR++ MP+9 Int+3}
   (You bought it in a shop on level 4 of the Orcish Mines)

   [ring of magical power]

   It affects your intelligence (+3).
   It protects you from poison.
   It protects you from negative energy.
   It affects your resistance to hostile enchantments.
   It affects your magic capacity (+9).
 w - an amulet of regeneration (around neck)
 A - an uncursed ring of see invisible
 C - an uncursed ring of protection from fire
 H - the amulet "Esadd" {rCorr -Tele +Inv MR++ SInv}
   (You took it off a deep elf mage on level 3 of the Elven Halls)

   [amulet of resist corrosion]

   It protects you from acid and corrosion.
   It affects your resistance to hostile enchantments.
   It lets you see invisible.
   It lets you turn invisible.
   It prevents most forms of teleportation.
 I - a +3 ring of evasion {unknown}
 X - the ring "Fodgh" (right hand) {+Blink rF+ MR+ Dex+3}
   (You took it off a deep elf demonologist on level 3 of the Elven Halls)

   [ring of dexterity]

   It affects your dexterity (+3).
   It protects you from fire.
   It affects your resistance to hostile enchantments.
   It lets you blink.
Magical devices
 g - a wand of hasting (5)
 U - a wand of disintegration (6)
Scrolls
 f - 7 scrolls of recharging
 j - 6 scrolls of summoning
 r - 7 scrolls of enchant weapon
 v - 4 scrolls of blinking
 D - 6 scrolls of fog
 E - 3 scrolls of amnesia
 G - 13 scrolls of remove curse
 J - 11 scrolls of teleportation
 K - 12 scrolls of enchant armour
 N - 3 scrolls of identify
 R - a scroll of silence
 W - a scroll of holy word
Potions
 d - 8 potions of brilliance
 h - 4 potions of cancellation
 k - 2 potions of berserk rage
 n - 3 potions of cure mutation
 o - 10 potions of flight
 t - 13 potions of curing
 z - 2 potions of heal wounds
 B - 5 potions of might
 F - a potion of beneficial mutation
 O - 4 potions of haste
 S - 3 potions of invisibility
 T - a potion of magic
Comestibles
 e - 27 bread rations
 q - 2 slices of pizza
 L - 17 meat rations
 M - 10 fruits
 V - 11 royal jellies


   Skills:
 + Level 18.8(23.8) Fighting
 + Level 20.0(25.0) Axes
 + Level 19.3(24.3) Armour
 * Level 19.7(24.7) Dodging
 + Level 19.4(24.4) Shields
 - Level 5.0 Invocations
 - Level 5.0 Evocations


You had 23 spell levels left.
You didn't know any spells.

Dungeon Overview and Level Annotations

Branches:
Dungeon (15/15)            Temple (0/1) D:7            Lair (8/8) D:11
 Shoals (4/4) Lair:3       Spider (4/4) Lair:3        Slime (0/6) Lair:6
    Orc (4/4) D:10            Elf (3/3) Orc:3        Vaults (4/5) D:14
  Crypt (0/3) Vaults:3     Depths (0/5) D:15

Altars:
Ashenzari
Cheibriados
Elyvilon
Kikubaaqudgha
Makhleb
Okawaru
Qazlal
Ru
Sif Muna
Trog
Vehumet

Shops:
D:7 %   D:12 *   Orc:4 %=(=   Elf:1 *   Vaults:4 :

Portals:
Trove: Vaults:3 (give 6 scrolls of blinking)

Annotations:
Spider:1 exclusion: Roxanne, Roxanne
Spider:4 Mara


Innate Abilities, Weirdness & Mutations

You are frail (-10% HP).


Message History

You feel much better.
The crystal guardian fires a crystalline bolt at you.
The crystal bolt burns you! You resist.
* * * LOW HITPOINT WARNING * * *
A starcursed mass splits.
You block the crystal guardian's attack.
A starcursed mass splits.
The crystal guardian fires a crystalline bolt at you.
The crystal bolt freezes the crystal guardian.
The crystal guardian completely resists.
The crystal bolt freezes you!
* * * LOW HITPOINT WARNING * * *
Drink which item? (? for menu, Esc to quit)
Okay, then.
Read which item? (? for menu, Esc to quit)
Okay, then.
Read which item? (? for menu, Esc to quit)
You can't read that!
The starcursed mass shrieks in your mind.
You die...

. # . . #. .
. . #. .
###. #. #.
... # ....
#.#..#
..###.
####....##
[φ/ # #.
.##.§.......
8%
##..........
/ /% #
.#...@# ..
.# ?? k (#
#...###8# .#
φ/ G G# ## .
#t# #.# ?? #
.###.X88#G#
8
....X.s.x##
#. ##.#...XG
..# ..
..........#
.....
..+..... .##
. ...#
#..... .#


You could see a starcursed mass, an alligator, 2 great orbs of eyes, 2 crystal
guardians, a trapdoor spider shaped shifter and a small abomination.

Vanquished Creatures
  Frederick (Vaults:4)
  Norris (Spider:2)
  A golden dragon (Vaults:5)
  Nikola (Spider:4)
  Arachne (Spider:3)
  2 bone dragons (Abyss:5)
  Jorgrun (Shoals:3)
  Rupert (Spider:1)
  4 tentacled monstrosities (Vaults:5)
  3 liches
  2 deep elf blademasters (Elf:2)
  3 titans (Vaults:5)
  A quicksilver dragon (Vaults:5)
  3 tentacled starspawn
  A kraken (Shoals:1)
  Gastronok (Orc:2)
  3 storm dragons
  Agnes (D:15)
  3 sphinxes
  4 shadow dragons
  6 tengu reavers (Vaults:5)
  Ilsuiw (Shoals:4)
  Wiglaf (Spider:2)
  4 frost giants (Vaults:5)
  Donald (Spider:2)
  Maud (D:13)
  4 deep elf sorcerers
  A draconian scorcher (Abyss:1)
  A ghost moth (Spider:4)
  Aizul (Spider:4)
  A balrug (Abyss:5)
  2 fire giants (Vaults:5)
  13 vault wardens
  An emperor scorpion (Spider:2)
  A ghoul (Vaults:3)
  9 ironheart preservers
  3 very ugly things
  8 stone giants
  6 deep elf demonologists
  6 deep elf annihilators
  A blizzard demon (Abyss:2)
  5 ettins
  15 deep elf death magi
  Snorg (Orc:3)
  24 vault guards
  3 merfolk javelineers
  4 fire dragons
  14 yaktaur captains
  A crystal guardian (Vaults:4)
  3 great orbs of eyes
  A deep elf high priest (Elf:3)
  Josephine (D:14)
  3 entropy weavers
  13 merfolk impalers
  Fannar (Lair:3)
  The ghost of Blomdor the Carver, a powerful DEBe of Trog (Orc:4)
  12 ogre magi
  3 catoblepae
  8 hydras
  A death knight (Abyss:2)
  Erolcha (D:9)
  14 dancing weapons (Elf:2)
  4 merfolk avatars
  An alligator snapping turtle (Shoals:3)
  3 satyrs (Shoals:2)
  3 tengu warriors
  2 death yaks (Shoals:3)
  3 merfolk aquamancers
  2 deep troll shamans (Vaults:3)
  A centaur warrior (D:13)
  10 thrashing horrors
  A deep troll earth mage (Vaults:3)
  4 orc high priests
  Nergalle (D:11)
  3 skeletal warriors (Vaults:1)
  4 wretched stars
  13 sea snakes
  A flayed ghost (Vaults:5)
  7 unseen horrors
  20 deep elf knights
  3 fire crabs
  12 deep trolls
  A wizard (Abyss:5)
  2 giant orange brains
  12 deep elf summoners
  3 shadow wraiths
  3 ice statues (IceCv)
  3 phantasmal warriors
  12 deep elf conjurers
  Pikel (D:6)
  6 hill giants
  17 orc knights
  A death drake (shapeshifter) (Abyss:5)
  20 harpies
  9 ironbrand convokers
  7 orc sorcerers
  2 necromancers
  9 orb spiders
  30 wolf spiders
  21 manticores
  A stone giant zombie (Abyss:2)
  A wolf spider zombie (D:14)
  12 fauns
  5 hornets
  A sixfirhy (Abyss:1)
  40 ugly things
  15 griffons
  7 water nymphs
  3 moths of wrath
  22 elephants
  5 cyclopes
  19 starcursed masses
  A worldbinder (Abyss:1)
  7 black mambas
  Maurice (Orc:2)
  3 stone giant skeletons (Vaults:1)
  An elephant (shapeshifter) (Vaults:5)
  2 naga magi (D:15)
  Joseph (D:8)
  An apocalypse crab (Abyss:2)
  5 vault sentinels
  3 gargoyles
  An orange demon (Abyss:2)
  An octopode (shapeshifter) (Vaults:3)
  3 torpor snails
  12 sirens
  A tormentor (Abyss:1)
  2 kobold demonologists (Abyss:1)
  12 large abominations
  A hellwing (Abyss:1)
  7 demonic crawlers
  7 smoke demons
  30 yaktaurs
  13 small abominations
  11 komodo dragons
  A yaktaur (shapeshifter) (Vaults:4)
  15 spiny frogs
  3 fire drakes
  5 freezing wraiths
  An efreet (D:14)
  20 jumping spiders
  A fire drake (shapeshifter) (Elf:1)
  A tengu conjurer (D:14)
  37 merfolk
  A queen bee (Lair:7)
  A polar bear (Lair:8)
  14 deep elf priests
  A wolf spider simulacrum (D:15)
  A red devil (Abyss:2)
  2 wind drakes
  6 ancient zymes
  16 trolls
  14 two-headed ogres
  17 blink frogs
  7 boulder beetles
  A jumping spider (shapeshifter) (Vaults:3)
  13 trapdoor spiders
  A centaur simulacrum (D:15)
  13 snapping turtles
  33 slime creatures
  25 raiju
  47 redbacks
  A fire giant simulacrum (Vaults:3)
  A flying skull (Abyss:2)
  A shock serpent simulacrum (Abyss:2)
  4 ynoxinuls
  A fire bat (shapeshifter) (Vaults:5)
  A vampire (D:14)
  15 spriggans (Lair:8)
  17 tarantellas
  2 wyverns
  A shadow (Abyss:1)
  5 water elementals
  43 yaks
  A hippogriff (shapeshifter) (Vaults:3)
  A fire elemental (Lair:3)
  45 deep elf fighters
  36 deep elf magi
  A human (D:14)
  5 neqoxecs
  5 basilisks
  4 hogs (D:14)
  2 hungry ghosts
  7 wraiths
  5 wargs
  An entropy weaver simulacrum (Vaults:1)
  5 mottled dragons
  7 vampire mosquitoes
  11 hippogriffs
  An insubstantial wisp (Abyss:1)
  31 wolves
  18 water moccasins
  5 sky beasts
  A human zombie (Vaults:1)
  20 ice beasts
  7 porcupines
  5 wasps
  12 spiders
  5 phantoms
  2 eyes of draining
  4 slaves (D:6)
  19 black bears
  33 orc warriors
  14 centaurs
  5 boggarts (Vaults:2)
  A swamp dragon skeleton (Abyss:1)
  The ghost of Eldritch the Ruffian, an average GrMo of Makhleb (D:3)
  29 giant frogs
  6 necrophages
  33 ogres
  A big kobold (D:10)
  11 crocodiles
  2 gnoll sergeants
  10 scorpions
  27 killer bees
  A water moccasin skeleton (D:6)
  9 wights
  6 electric eels
  7 hounds
  3 iron imps
  A lava snake (Lair:3)
  6 centaur zombies
  2 human simulacra (Vaults:1)
  8 centaur skeletons
  A giant frog zombie (D:11)
  3 quasits
  15 jellies
  8 crimson imps
  20 orc priests
  2 gnoll shamans
  5 giant frog skeletons
  47 orc wizards
  Natasha (thrice) (D:4)
  6 hell rats (Lair:3)
  8 iguanas
  A killer bee zombie (D:10)
  8 worker ants
  43 sheep
  A hound zombie (D:7)
  2 hound skeletons
  3 worker ant zombies
  41 river rats
  12 adders
  12 gnolls
  5 shadow imps
  A white imp (Abyss:1)
  2 ufetubi (Abyss:1)
  3 oozes
  An adder zombie (D:7)
  3 adder skeletons
  3 worms
  12 giant geckos
  194 orcs
  2 giant cockroaches (Lair:3)
  11 goblins
  3 hobgoblins
  2 quokkas
  A ball python (D:6)
  8 bats
  A giant gecko zombie (D:5)
  5 giant newts
  16 jackals
  A jackal zombie (D:8)
  17 kobolds
  A quokka skeleton (D:6)
  27 rats
  8 crawling corpses
  2 fungi
  14 plants
  4 starspawn tentacles
  4 tentacles (Shoals:1)
2216 creatures vanquished.

Vanquished Creatures (others)
  2 deep elf master archers (Elf:3)
  Polyphemus (Shoals:3)
  A sphinx (Vaults:4)
  A stone giant (Vaults:4)
  A deep elf annihilator (Elf:2)
  3 merfolk javelineers (Shoals:4)
  2 vault guards (Vaults:5)
  A yaktaur captain (Vaults:5)
  An entropy weaver (Vaults:4)
  A deep elf high priest (Elf:3)
  A centaur warrior (Vaults:3)
  A satyr (Shoals:4)
  A thrashing horror (Abyss:1)
  A deep elf conjurer (Elf:1)
  An iron dragon zombie (Abyss:1)
  An orb spider (Spider:2)
  A manticore (Shoals:3)
  4 yaktaurs
  A merfolk (Shoals:3)
  A deep elf fighter (Elf:1)
  A deep elf mage (Vaults:3)
  3 ogres
  2 centaurs (D:13)
  An orc priest (Orc:4)
  A sheep (Lair:7)
  An orc (D:8)
  5 bushes (Lair:8)
  27 fungi
  14 plants
  3 starspawn tentacles
  18 starspawn tentacle segments
  7 tentacles (Shoals:1)
  1027 tentacle segments (Shoals:1)
1137 creatures vanquished.

Grand Total: 3353 creatures vanquished

Notes
Turn   | Place    | Note
--------------------------------------------------------------
     0 | D:1      | orkawaru the Hill Orc Fighter began the quest for the Orb.
     0 | D:1      | Reached XP level 1. HP: 19/19 MP: 1/1
    93 | D:1      | Reached XP level 2. HP: 22/27 MP: 2/2
   867 | D:2      | Reached XP level 3. HP: 33/33 MP: 3/3
  1335 | D:2      | Reached skill level 4 in Armour
  1439 | D:2      | Found a radiant altar of Vehumet.
  1439 | D:2      | Found a sacrificial altar of Ru.
  1524 | D:2      | Found a bloodstained altar of Trog.
  1711 | D:3      | Noticed Eldritch's ghost (average GrMo)
  1748 | D:3      | Killed Eldritch's ghost
  1748 | D:3      | Reached XP level 4. HP: 20/40 MP: 4/4
  1748 | D:3      | Reached XP level 5. HP: 23/46 MP: 5/5
  2063 | D:3      | Found an iron altar of Okawaru.
  2068 | D:3      | Became a worshipper of Warmaster Okawaru
  2251 | D:3      | Noticed a centaur
  2258 | D:3      | HP: 2/47 [centaur (5)]
  2259 | D:3      | Killed a centaur
  2259 | D:3      | Reached XP level 6. HP: 2/53 MP: 6/6
  2960 | D:4      | Noticed Natasha
  2963 | D:4      | Killed Natasha
  3035 | D:4      | Noticed Natasha
  3036 | D:4      | Killed Natasha
  3262 | D:4      | Noticed Natasha
  3263 | D:4      | Killed Natasha
  3291 | D:4      | Reached skill level 5 in Fighting
  3291 | D:4      | Reached skill level 5 in Axes
  3291 | D:4      | Reached skill level 5 in Armour
  3294 | D:4      | Acquired Okawaru's first power
  3294 | D:4      | Reached skill level 5 in Shields
  3547 | D:4      | Found a snail-covered altar of Cheibriados.
  3705 | D:4      | You fall through a shaft!
  3705 | D:5      | Entered Level 5 of the Dungeon
  3705 | D:5      | Found a shattered altar of Ashenzari.
  3733 | D:5      | Reached XP level 7. HP: 58/61 MP: 7/7
  4012 | D:5      | Found an iron altar of Okawaru.
  4395 | D:5      | Reached skill level 6 in Axes
  4828 | D:5      | Reached XP level 8. HP: 43/70 MP: 8/8
  5223 | D:6      | Found a deep blue altar of Sif Muna.
  5483 | D:6      | Noticed Pikel
  5512 | D:6      | Killed Pikel
  5512 | D:6      | Reached skill level 7 in Fighting
  5792 | D:6      | Reached XP level 9. HP: 60/79 MP: 9/9
  6071 | D:6      | Reached skill level 8 in Axes
  6115 | D:6      | Found a bloodstained altar of Trog.
  6818 | D:7      | Reached skill level 1 in Dodging
  7052 | D:7      | Reached skill level 9 in Axes
  7052 | D:7      | Reached XP level 10. HP: 50/90 MP: 10/10
  7753 | D:7      | Found Suubyqe's Food Shop.
  7755 | D:7      | Acquired Okawaru's second power
  7890 | D:7      | Found a staircase to the Ecumenical Temple.
  8031 | D:7      | Received a gift from Okawaru
  8034 | D:7      | Got a pair of twisted boots {god gift}
  8043 | D:7      | Identified the -1 pair of boots of Damasene {rPois rF++} (Okawaru gifted it to you on level 7 of the Dungeon)
  8237 | D:8      | Noticed Joseph
  8245 | D:9      | Noticed Erolcha
  8263 | D:8      | Killed Joseph
  8873 | D:8      | Found a stormy altar of Qazlal.
  9568 | D:9      | Reached skill level 10 in Axes
  9604 | D:8      | Reached XP level 11. HP: 85/99 MP: 11/11
  9748 | D:9      | Reached skill level 5 in Dodging
 10033 | D:9      | Killed Erolcha
 10334 | D:10     | Entered Level 10 of the Dungeon
 10363 | D:10     | Reached skill level 10 in Fighting
 10488 | D:10     | Reached skill level 1 in Invocations
 10527 | D:10     | Found a staircase to the Orcish Mines.
 10753 | D:10     | Noticed a hill giant
 10763 | D:10     | Killed a hill giant
 11995 | D:10     | Received a gift from Okawaru
 12084 | D:10     | Reached skill level 11 in Axes
 12281 | D:10     | Got a faintly glowing flail {distort}
 12284 | D:10     | Identified the +3 flail "Widowmaker" {distort, rElec rC+ Str-5} (You took it off an orc wizard on level 10 of the Dungeon)
 12346 | D:10     | Gained mutation: You are frail (-10% HP). [mutagenic glow]
 12683 | D:11     | Found a staircase to the Lair.
 12696 | D:11     | Noticed an unseen horror
 12703 | D:11     | Killed an unseen horror
 12703 | D:11     | Reached skill level 10 in Armour
 12727 | D:11     | Noticed a six-headed hydra
 12743 | D:11     | Killed a one-headed hydra
 12743 | D:11     | Reached XP level 12. HP: 66/97 MP: 14/14
 12960 | Lair:1   | Entered Level 1 of the Lair of Beasts
 12968 | Lair:1   | Got a translucent mace
 12975 | Lair:1   | Identified the +9 mace of Ebuock {holy, rC++ Int+4 SInv} (You found it on level 1 of the Lair of Beasts)
 14364 | Lair:2   | Reached skill level 10 in Shields
 14390 | Lair:2   | Noticed a four-headed hydra
 14397 | Lair:2   | Killed a one-headed hydra
 14533 | Lair:2   | Reached skill level 5 in Invocations
 14546 | Lair:2   | Found a white marble altar of Elyvilon.
 15463 | Lair:3   | Reached skill level 12 in Axes
 15966 | Lair:3   | Reached XP level 13. HP: 81/105 MP: 14/16
 16201 | Lair:3   | Found a hole to the Spider Nest.
 16438 | Lair:3   | Received a gift from Okawaru
 16764 | Lair:3   | Found a staircase to the Shoals.
 16902 | Lair:3   | Noticed Fannar
 16920 | Lair:3   | Killed Fannar
 17226 | Lair:4   | Received a gift from Okawaru
 17574 | Lair:4   | Found a frozen archway.
 17645 | IceCv    | Entered an ice cave
 19268 | Lair:5   | Reached skill level 13 in Axes
 20279 | Lair:6   | Reached skill level 10 in Dodging
 20279 | Lair:6   | Reached XP level 14. HP: 70/114 MP: 15/17
 20937 | Lair:6   | Found a staircase to the Slime Pits.
 22905 | Lair:7   | Received a gift from Okawaru
 22916 | Lair:7   | Got a steaming hand axe {god gift}
 22920 | Lair:7   | Identified the +9 hand axe of Undoing {vamp, rPois} (Okawaru gifted it to you on level 7 of the Lair of Beasts)
 23250 | Lair:8   | Entered Level 8 of the Lair of Beasts
 23560 | Lair:8   | Reached skill level 14 in Axes
 23716 | Lair:8   | Received a gift from Okawaru
 23753 | Lair:8   | Got a bloodstained battleaxe {god gift}
 24168 | Lair:8   | Reached XP level 15. HP: 117/122 MP: 18/18
 25139 | D:10     | Noticed an unseen horror
 25153 | D:10     | Killed an unseen horror
 25185 | Orc:1    | Entered Level 1 of the Orcish Mines
 25474 | Orc:2    | Noticed Gastronok
 25522 | Orc:2    | Killed Gastronok
 26261 | Orc:2    | Noticed Maurice
 26319 | Orc:2    | Received a gift from Okawaru
 26432 | Orc:2    | Killed Maurice
 26564 | Orc:3    | Noticed Snorg
 26596 | Orc:3    | Killed Snorg
 27287 | Orc:4    | Entered Level 4 of the Orcish Mines
 27456 | Orc:4    | Noticed Blomdor's ghost (powerful DEBe)
 27555 | Orc:3    | Found a staircase to the Elven Halls.
 27819 | Orc:4    | Killed Blomdor's ghost
 28068 | Orc:4    | Paralysed by an orc sorcerer for 4 turns
 28271 | Orc:4    | Found Zulof's Jewellery Shop.
 28275 | Orc:4    | Found Isi Fyfe's Jewellery Emporium.
 28282 | Orc:4    | Found Feraly's Weapon Emporium.
 28284 | Orc:4    | Found Meobryzupp's Food Shop.
 28592 | D:11     | Noticed a hill giant
 28603 | D:11     | Killed a hill giant
 28920 | D:11     | Noticed Nergalle
 28932 | D:11     | Received a gift from Okawaru
 28955 | D:11     | Killed Nergalle
 29001 | D:11     | Got a pair of ichor-stained gloves {god gift}
 29012 | D:11     | Identified the +0 pair of gloves of the Ladybird {Str+3} (Okawaru gifted it to you on level 11 of the Dungeon)
 29443 | D:12     | Found Oxoerot's Assorted Antiques.
 30266 | D:13     | Noticed Maud
 30286 | D:13     | Killed Maud
 30498 | D:14     | Noticed Josephine
 30514 | D:14     | Killed Josephine
 30514 | D:14     | Reached skill level 15 in Axes
 30685 | D:14     | Identified the +9 battleaxe of Okawaru's Pride {freeze, Str+4} (Okawaru gifted it to you on level 8 of the Lair of Beasts)
 31340 | D:14     | Reached XP level 16. HP: 130/130 MP: 19/19
 31368 | D:14     | Found a gate to the Vaults.
 31641 | D:15     | Entered Level 15 of the Dungeon
 31700 | D:15     | Received a gift from Okawaru
 32211 | D:15     | Found a burning altar of Makhleb.
 32497 | D:15     | Noticed Agnes
 32519 | D:15     | Killed Agnes
 32676 | D:15     | Found a staircase to the Depths.
 33651 | Shoals:1 | Entered Level 1 of the Shoals
 33820 | Shoals:1 | Noticed a kraken
 33854 | Shoals:1 | Killed a kraken
 33854 | Shoals:1 | Received a gift from Okawaru
 34924 | Shoals:2 | Reached skill level 16 in Axes
 34926 | Shoals:2 | Reached XP level 17. HP: 107/138 MP: 18/20
 34948 | Shoals:2 | Found a flickering gateway to a bazaar.
 34957 | Bazaar   | Entered a bazaar
 34957 | Bazaar   | Found Ifole's Book Shoppe.
 34957 | Bazaar   | Found Nept's Book Emporium.
 34960 | Bazaar   | Found Izitsov's Assorted Antiques.
 34981 | Bazaar   | Found Jorios's Antique Weapon Emporium.
 35012 | Bazaar   | Bought a scroll of enchant armour for 127 gold pieces
 35012 | Bazaar   | Bought a scroll of identify for 34 gold pieces
 35020 | Bazaar   | Bought a potion of might for 68 gold pieces
 35040 | Bazaar   | Bought a glowing broad axe for 100 gold pieces
 36398 | Shoals:1 | Reached skill level 15 in Fighting
 36623 | Shoals:3 | Noticed Jorgrun
 36789 | Spider:1 | Entered Level 1 of the Spider Nest
 36895 | Spider:1 | Noticed Roxanne
 37355 | Spider:1 | Received a gift from Okawaru
 37625 | Spider:1 | Noticed Rupert
 37628 | Spider:1 | Paralysed by Rupert for 6 turns
 37649 | Spider:1 | Killed Rupert
 38485 | D:12     | Bought a scroll of blinking for 232 gold pieces
 38485 | D:12     | Bought a crooked bone wand for 124 gold pieces
 38742 | Spider:2 | Noticed Donald
 38804 | Spider:2 | Killed Donald
 38857 | Spider:2 | Noticed Wiglaf
 38912 | Spider:2 | Killed Wiglaf
 39054 | Spider:2 | Received a gift from Okawaru
 39218 | Spider:2 | Noticed Norris
 39233 | Spider:2 | Paralysed by Norris for 4 turns
 39240 | Spider:2 | Paralysed by Norris for 6 turns
 39265 | Spider:2 | Killed Norris
 39768 | Spider:3 | Noticed Arachne
 39834 | Spider:3 | Killed Arachne
 40111 | Spider:3 | Reached XP level 18. HP: 145/148 MP: 21/21
 40152 | Spider:3 | Reached skill level 17 in Axes
 41014 | Spider:3 | Reached skill level 15 in Armour
 41094 | Spider:4 | Entered Level 4 of the Spider Nest
 41096 | Spider:4 | Noticed Mara
 41366 | Spider:4 | Noticed Nikola
 41408 | Spider:4 | Killed Nikola
 41597 | Spider:4 | Noticed Aizul
 41626 | Spider:4 | Killed Aizul
 41790 | Spider:4 | Noticed orkawaru's illusion
 42532 | Orc:4    | Bought the ring "Wathyuz" {rPois rN+ MR++ MP+9 Int+3} for 751 gold pieces
 42573 | Elf:1    | Entered Level 1 of the Elven Halls
 43223 | Elf:1    | Reached skill level 15 in Dodging
 43276 | Elf:1    | Received a gift from Okawaru
 43318 | Elf:1    | Reached skill level 15 in Shields
 43503 | Elf:1    | Found a deep blue altar of Sif Muna.
 43791 | Elf:1    | Found Marovise's Assorted Antiques.
 43795 | Elf:1    | Bought a scroll labeled LOHIKH LOITT for 37 gold pieces
 43795 | Elf:1    | Bought a bubbling cyan potion for 33 gold pieces
 43798 | Elf:1    | Lost mutation: You are frail (-10% HP). [potion of cure mutation]
 44908 | Elf:2    | Reached XP level 19. HP: 117/174 MP: 22/22
 45489 | Elf:2    | Found a huge runed gate.
 45489 | Elf:2    | Found a huge runed gate.
 45489 | Elf:2    | Found a huge runed gate.
 45493 | Elf:2    | Found a huge runed gate.
 45494 | Elf:2    | Found a huge runed gate.
 46521 | Elf:3    | Entered Level 3 of the Elven Halls
 47397 | Elf:3    | Found an ancient bone altar of Kikubaaqudgha.
 47987 | Elf:2    | Reached skill level 18 in Axes
 48648 | Elf:2    | Received a gift from Okawaru
 49089 | Elf:3    | Got a bound platinum ring
 49507 | Elf:3    | Identified the ring of Dypal {rPois Int+4 Stlth+} (You took it off a deep elf death mage on level 3 of the Elven Halls)
 49537 | Elf:3    | Got a pitted crystal amulet
 49640 | Elf:3    | Identified the amulet "Esadd" {rCorr -Tele +Inv MR++ SInv} (You took it off a deep elf mage on level 3 of the Elven Halls)
 49662 | Elf:3    | Identified the Collected Works on Lethal Malediction (You found it on level 3 of the Elven Halls)
 49680 | Elf:3    | Got a scorched morningstar {flame}
 49680 | Elf:3    | Got a faintly glowing platinum ring
 49687 | Elf:3    | Got a flickering marble ring
 49696 | Elf:3    | Identified the ring "Fodgh" {+Blink rF+ MR+ Dex+3} (You took it off a deep elf demonologist on level 3 of the Elven Halls)
 49698 | Elf:3    | Identified the ring "Mualom" {rF- Str+3 Dex+2 SInv} (You found it on level 3 of the Elven Halls)
 49702 | Elf:3    | Identified the cursed +1 morningstar of Waowu {flame, Int+8} (You took it off a deep elf demonologist on level 3 of the Elven Halls)
 49714 | Elf:3    | Got a bone hunting sling
 49745 | Elf:3    | Got a fine crystal plate armour
 49756 | Elf:3    | Identified the +3 crystal plate armour "Meomew" {+Blink Int+4} (You found it on level 3 of the Elven Halls)
 49865 | Elf:3    | Identified the +2 hunting sling of the Lost Realms {freeze, -Tele rElec rPois Str+10} (You found it on level 3 of the Elven Halls)
 50512 | Shoals:3 | Noticed Polyphemus
 50573 | Shoals:3 | Killed Polyphemus
 50573 | Shoals:3 | Reached XP level 20. HP: 182/184 MP: 23/23
 51040 | Shoals:3 | Killed Jorgrun
 51133 | Shoals:3 | Received a gift from Okawaru
 51623 | Shoals:4 | Entered Level 4 of the Shoals
 51744 | Shoals:4 | Got a crude marble ring
 51746 | Shoals:4 | Identified the ring of the Suburbs {Ice Str+4 Int+2 Dex+2} (You found it on level 4 of the Shoals)
 51856 | Shoals:4 | Noticed Ilsuiw
 52037 | Shoals:4 | Killed Ilsuiw
 52436 | Shoals:4 | Got a barnacled rune of Zot
 52934 | Vaults:1 | Entered Level 1 of the Vaults
 53092 | Vaults:1 | Reached skill level 1 in Evocations
 53439 | Vaults:1 | Reached skill level 19 in Axes
 54326 | Vaults:1 | Reached XP level 21. HP: 193/193 MP: 24/24
 54959 | Vaults:2 | Received a gift from Okawaru
 55351 | Vaults:2 | Reached skill level 5 in Evocations
 55882 | Vaults:2 | Received a gift from Okawaru
 56213 | Vaults:2 | Upgraded the game from 0.17-a0-1923-gc35365e to 0.17-a0-1939-ga475588
 57136 | Vaults:3 | Found a staircase to the Crypt.
 57474 | Vaults:3 | Found a portal to a secret trove of treasure.
 57940 | Vaults:3 | Received a gift from Okawaru
 58088 | Vaults:3 | Reached XP level 22. HP: 203/203 MP: 25/25
 58429 | Vaults:4 | Noticed Frederick
 58465 | Vaults:4 | Killed Frederick
 58611 | Vaults:4 | Found Nonkuc's Book Shop.
 59735 | Vaults:4 | Received a gift from Okawaru
 59936 | Vaults:5 | Entered Level 5 of the Vaults
 60049 | Vaults:5 | Received a gift from Okawaru
 60088 | Vaults:5 | Reached XP level 23. HP: 146/211 MP: 26/26
 60649 | Vaults:5 | Got a pair of smoking gloves {god gift}
 60660 | Vaults:5 | Identified the +0 pair of gloves of Proximity {*Confuse rC++ Str+3 Slay+2} (Okawaru gifted it to you on level 5 of the Vaults)
 60677 | Vaults:5 | Got a sparkling tin ring
 60679 | Vaults:5 | Identified the ring "Wuugy" {rPois rN++} (You took it off a vault warden on level 5 of the Vaults)
 60731 | Vaults:5 | Received a gift from Okawaru
 60732 | Vaults:5 | Cast into the Abyss (vault warden)
 60902 | Abyss:1  | Found a shadowy altar of Dithmenos.
 61612 | Abyss:1  | Found a sparkling altar of Nemelex Xobeh.
 61980 | Abyss:2  | Paralysed by you for 7 turns
 62151 | Abyss:2  | Found a runed door.
 62432 | Abyss:2  | Found a sacrificial altar of Ru.
 62501 | Abyss:5  | Entered Level 5 of the Abyss
 62562 | Abyss:5  | Gained mutation: You are frail (-10% HP). [a neqoxec]
 62663 | Abyss:5  | Reached XP level 24. HP: 140/152 MP: 26/26
 62728 | Abyss:5  | Reached skill level 20 in Axes
 62838 | Abyss:5  | HP: 2/198 [crystal guardian/crystal bolt (27)]
 62839 | Abyss:5  | Killed from afar by a starcursed mass

Vault maps used:
D:1:      minmay_arrival_four_houses, hangedman_decor_diamond_cutter,
          roderic_lattice_a, minmay_misc_feat_chi
D:2:      gammafunk_temple_overflow_wave, trog_hazing_becter
D:3:      okawaru_metal_pillars_3
D:4:      cheibriados_altar_wand_db, first_bread, nrook_loot_triangle,
          uniq_natasha
D:5:      overflow_temple_1_default, cheibrodos_ashenzari_chains
D:6:      lemuel_crystal_altar, kennysheep_little_box, hex_tiny,
          kennysheep_generic_room_16, uniq_pikel
D:7:      temple_doors_e, serial_shops, nicolae_shop_scaring_up_business,
          serial_undead, serial_undead_c, serial_undead_d, serial_undead_d,
          serial_undead_e
D:8:      grunt_qazlal_clouds, uniq_joseph
D:9:      uniq_erolcha
D:10:     kennysheep_town, serial_shops
D:11:     dpeg_oklobed_lair, uniq_nergalle
D:12:     serial_shops, nicolae_shop_statue_plus
D:13:     uniq_maud
D:14:     david_vaults_1, hangedman_decor_clover_reticule, fungi_pond_lemuel,
          grunt_livestock, uniq_josephine
D:15:     grunt_enter_depths_magical_seal, minmay_misc_feat_square, basic_altar,
          uniq_agnes
Lair:2:   basic_altar, infiniplex_staircase_pool
Lair:3:   lemuel_ratsnest, elwin_shoals_entry_rooms,
          nicolae_spider_entry_non_spiders, cheibrodos_lair_reptile_den,
          infiniplex_staircase_pool_2, uniq_fannar
Lair:4:   beast_lair_carwin_large_2, portal_ice_cave_entry_ice_beasts,
          patterned_corridor, serial_bayou_shore_a
Lair:5:   bh_autumn_forest_stairs, lemuel_fruit_fields
Lair:6:   minmay_slime_entry_jelly_boxes
Lair:7:   special_room, lab_entry_generic, nicolae_quartered_pool_super,
          serial_bayou_lagoon_b
Lair:8:   minmay_lair_end_enchanted_forest, minmay_hedge_maze, st_stairs_7
Shoals:2: serial_shops, bzr_entry_islet
Shoals:3: nicolae_shoals_flooded_hall, uniq_jorgrun, uniq_polyphemus
Shoals:4: shoals_end_simple, shoal_ilsuiw
Spider:1: nicolae_spider_mines_1, uniq_roxanne, uniq_rupert
Spider:2: spiders_nest_wasp_nest, uniq_norris, uniq_donald, uniq_wiglaf
Spider:3: uniq_arachne
Spider:4: grunt_spider_rune_parallel, uniq_mara, uniq_aizul, uniq_nikola
Orc:2:    nicolae_orc_tapped_out, uniq_maurice, uniq_gastronok
Orc:3:    enter_bailey_7, nicolae_orc_pool_cavern, uniq_snorg
Orc:4:    st_orc_elflike, nicolae_volcano_entry_hallway
Elf:1:    minmay_elf_arrival_summoners, serial_shops, nicolae_shop_behind_doors,
          basic_altar, minmay_elf_crystal_heptagon
Elf:2:    special_room
Elf:3:    elf_hall, basic_altar
Vaults:1: v_misc_11, v_misc_22, nicolae_vaults_halls_meeting,
          vaults_room_octagon, vaults_mumra_hex, v_pattern_2,
          hangedman_vaults_cutoff, dpeg_vaults_monster_box,
          ontoclasm_vaults_claustrophobia, vaults_room_fours
Vaults:2: ontoclasm_vaults_gallery, v_rooms_4, ontoclasm_vaults_twist,
          nicolae_vaults_yaktaur_gun_rack, vaults_room_corners, v_rooms_1,
          ontoclasm_vaults_hangar, vaults_room_pools, hangedman_vaults_trim
Vaults:3: minmay_crypt_entry_simple_box, v_rooms_2,
          nicolae_vaults_disjoint_gnomons, vaults_dpeg_cross, v_pattern_1,
          v_misc_28, v_misc_12, hangedman_vaults_snaps, grunt_vaults_diagonal,
          ontoclasm_vaults_fault, nicolae_vaults_diagonal_hallway_7,
          enter_trove_3
Vaults:4: nicolae_vaults_sealed_display, hangedman_vaults_hard_town_square,
          grunt_vaults_hallway_short, nicolae_vaults_hallways_thing,
          ontoclasm_vaults_ring_large, vaults_standard_mumra_x,
          vaults_room_semicircle, serial_shops, nicolae_shop_crystal,
          uniq_frederick
Vaults:5: serial_shops
Abyss:1:  minivault_22
Abyss:3:  minivault_5, evilmike_abyss_rune_elephants, minivault_4, minivault_26
Abyss:4:  hangedman_abyss_lost_library, evilmike_abyss_rune_acolytes_1
Abyss:5:  hangedman_abyss_or_decor_slice, bh_abyss_negative,
          evilmike_abyss_rune_tentacle_tunnel
Bazaar:   bazaar_minmay_row
IceCv:    ice_cave_statue_garden_02

Action                   |  1- 3 |  4- 6 |  7- 9 | 10-12 | 13-15 | 16-18 | 19-21 | 22-24 || total
-------------------------+-------+-------+-------+-------+-------+-------+-------+-------++-------
Melee: War axe           |   128 |   145 |   328 |   844 |   619 |    47 |    15 |       ||  2126
       Mace              |       |       |       |    38 |   303 |       |       |       ||   341
       Hand axe          |       |       |       |       |  1490 |  2591 |  3291 |  1692 ||  9064
       Broad axe         |       |       |       |       |       |       |    14 |       ||    14
Throw: Javelin           |       |    10 |     5 |     5 |     5 |       |    18 |       ||    43
       Throwing net      |       |       |       |       |       |    10 |     4 |       ||    14
Invok: Heroism           |       |       |     5 |    15 |    27 |    35 |    33 |    22 ||   137
 Abil: Evoke Blink       |       |       |       |       |       |       |     1 |       ||     1
Evoke: Wand              |       |       |       |       |     1 |     2 |       |       ||     3
  Use: Potion            |       |     1 |       |     1 |     6 |    13 |       |     6 ||    27
       Scroll            |       |       |       |    12 |    26 |    17 |     2 |     5 ||    62
 Stab: Petrified         |       |       |       |       |     4 |       |     1 |     7 ||    12
       Held in net/web   |       |       |       |       |       |     9 |     2 |       ||    11
       Invisible         |       |       |       |       |       |     1 |       |     2 ||     3
       Distracted        |       |       |       |       |       |       |     1 |       ||     1
  Eat: Chunk             |     2 |     7 |    10 |    31 |    51 |    40 |    51 |    15 ||   207
       Beef jerky        |       |       |     1 |       |     1 |     5 |       |       ||     7
       Pizza             |       |       |       |       |     4 |       |     6 |       ||    10
       Fruit             |       |       |       |       |       |     2 |     3 |     8 ||    13
       Royal jelly       |       |       |       |       |       |       |       |     2 ||     2
